 Dungeon Crawl Stone Soup version 0.32-a0-999-gfa1cc04b1d (webtiles) character file.

Game seed: 6269709315726488840

527 Strat the Ruffian (level 7, 52/52 HPs)
             Began as a Red Draconian Shapeshifter on Apr 24, 2024.
             Quit the game on level 4 of the Dungeon.
             The game lasted 00:08:29 (3367 turns).

Strat the Ruffian (Red Draconian Shapeshifter)      Turns: 3367, Time: 00:08:30

Health: 52/52      AC: 10    Str: 17    XL:     7   Next: 3%
Magic:  7/7        EV: 16    Int: 10    God:
Gold:   117        SH:  0    Dex: 12    Spells: 6/6 levels left

rFire   + .          .
                       - Unarmed
rCold   . . .        (no shield)
rNeg    . . .        (body armour unavailable)
rPois   .            (helmet currently unavailable)
rElec   .            (cloak currently unavailable)
rCorr   .            (gloves currently unavailable)
SInv    .            (boots currently unavailable)
Will    .....        (no amulet)
Stlth   +            g - +5 ring of evasion
HPRegen 0.28/turn    j - +4 ring of protection
MPRegen 0.10/turn

%: no passive effects
@: beast-form
A: beast (slay +2), combustion breath, AC +6, unfitting armour, fire resistance
1, cold-blooded
a: Combustion Breath, Begin Untransformation


You were on level 4 of the Dungeon.
You were a hulking beast.
You visited 1 branch of the dungeon, and saw 4 of its levels.

You collected 197 gold pieces.
You spent 80 gold pieces at shops.

Inventory:

Missiles
 w - 2 throwing nets (quivered)
Armour
 d - a +0 pair of gloves
 h - a +0 hat
 u - a +1 cloak of preservation
Jewellery
 g - a +5 ring of evasion (left hand)
 j - a +4 ring of protection (right hand)
 o - a ring of positive energy
Talismans
 b - a beast talisman (active)
 c - a flux talisman
Wands
 p - a wand of light (8)
Scrolls
 k - a scroll of poison {unknown}
 l - a scroll of revelation {unknown}
 n - a scroll of identify {unknown}
 r - a scroll of enchant armour {unknown}
 t - a scroll of silence {unknown}
Potions
 a - 3 potions of lignification
 e - 3 potions of curing
 f - 2 potions of degeneration {unknown}
 i - 2 potions of heal wounds
 m - a potion of invisibility {unknown}
 q - 2 potions of might {unknown}
 s - 3 potions of attraction {unknown}
 v - 2 potions of mutation {unknown}


   Skills:
 - Level 1.1 Fighting
 - Level 1.7 Dodging
 + Level 7.1 Unarmed Combat
 + Level 4.5 Shapeshifting


You had 6 spell levels left.
You didn't know any spells.
Your spell library contained the following spells:

 Spells                   Type           Power      Damage    Failure   Level
 Sandblast                Erth           0%         2d4       36%         1
 Passwall                 Erth           0%         N/A       75%         3
 Stone Arrow              Conj/Erth      0%         3d7       75%         3
 Iskenderun's Battlesphe  Conj           0%         2d6       100%        5
 Bombard                  Conj/Erth      0%         9d1       100%        6
 Spellforged Servitor     Conj/Summ      0%         N/A       100%        7


Dungeon Overview and Level Annotations

Branches:
Dungeon (4/15)
 Temple: D:4-7

Altars:
Ashenzari
Cheibriados
Sif Muna
Trog
Uskayaw

Shops:
D:1 =   D:4 !

Annotations:
D:3 Ahpoh's ghost, amateur BaFi


Innate Abilities, Weirdness & Mutations

You are a hulking beast.
Your limbs bulge with bestial killing power. (Slay +2)
You can breathe blasts of explosive embers.
Your fiery red scales are hard. (AC +6)
You cannot fit into any form of body armour.
Your flesh is heat resistant. (rF+)
You are cold-blooded and may be slowed by cold attacks.


Message History

a +0 whip; a gnoll corpse
There is an open door here.
A jelly is nearby!
The jelly quivers.
No target in view!
No target in view!
No target in view!
You hit the jelly.
Your hands burn!
The jelly is moderately wounded.
The jelly closely misses you.
You punch the jelly!
You kill the jelly!
Your Unarmed Combat skill increases to level 7!
No target in view!
You open the door.
An adder and a hound come into view.
Found a bubbling white potion.
The hound completely misses you.
You barely miss the hound. The hound bites you but does no damage.
The hound closely misses you.
You punch the hound!
The hound is heavily wounded.
The hound bites you but does no damage.
You barely miss the hound.
The hound is heavily wounded.
The hound bites you but does no damage.
You barely miss the hound.
The hound is heavily wounded.
The hound closely misses you. The hound misses you.
You hit the hound.
The hound is heavily wounded.
The hound bites you but does no damage.
You punch the hound!
You kill the hound!
You have reached level 7!
Your scales start taking on a fiery red colour.
You learn Fire Magic much quicker.
You learn Ice Magic much slower.
You can breathe blasts of explosive embers.
You feel resistant to heat.
Are you sure you want to abandon this character and quit the game? (Confirm with "yes".)

.......>.........................
...##......########..............
...##......# #..............
....#......# #..............
#..........# #.....รท..).....
...........### ##.............
...).........# ###.>...#......
#####).....#.######...##....#####
#####......#....h...#....##'# #
...).......####.##.....###..#...#
##############..####..##.#..#.gJ#
############...#####..').#.h#...#
................).....##.#S.#.J.#
#########.#########....###!.#...#
#########.#########......####...#
..........##........##.#....##'##
########.##..#..######..#.#.....)


There were no monsters in sight!

Vanquished Creatures
  A phantom (D:4)
  2 jellies (D:4)
  A hound (D:4)
  A bombardier beetle (D:4)
  Crazy Yiuf (D:2)
  2 iguanas (D:4)
  4 orc wizards
  A gnoll (D:4)
  4 adders
  3 dart slugs
  9 orcs
  12 ball pythons
  5 bats
  8 endoplasms
  5 giant cockroaches
  10 goblins
  7 hobgoblins
  4 jackals
  6 quokkas
  6 frilled lizards
  3 kobolds
  11 rats
106 creatures vanquished.

Notes
Turn   | Place    | Note
-------+----------+-------------------------------------------
     0 | D:1      | Strat the Draconian Shapeshifter began the quest for the
                  | Orb.
     0 | D:1      | Reached XP level 1. HP: 16/16 MP: 1/1
    66 | D:1      | Found Jys Rila's Jewellery Emporium.
   184 | D:1      | Reached XP level 2. HP: 23/23 MP: 2/2
   357 | D:1      | Reached skill level 4 in Unarmed Combat
   467 | D:1      | Reached XP level 3. HP: 28/28 MP: 3/3
   972 | D:2      | Found a faded altar of an unknown god.
  1198 | D:2      | Reached XP level 4. HP: 35/35 MP: 4/4
  1206 | D:2      | Reached skill level 5 in Unarmed Combat
  1465 | D:2      | Found a runed translucent door.
  1466 | D:2      | Noticed Crazy Yiuf
  2004 | D:3      | Found a transporter.
  2005 | D:3      | Found a transporter.
  2161 | D:3      | Identified the +1 halberd "Ynkoluro" {venom, rF- rC- rCorr
                  | SInv}
  2317 | D:2      | Killed Crazy Yiuf
  2318 | D:2      | Reached XP level 5. HP: 40/40 MP: 5/5
  2404 | D:3      | Noticed Ahpoh's ghost (amateur BaFi)
  2589 | D:3      | Reached skill level 6 in Unarmed Combat
  2739 | D:4      | Found Miybem's Distillery.
  2747 | D:4      | Bought a potion of curing for 30 gold pieces
  2747 | D:4      | Bought a potion of heal wounds for 50 gold pieces
  2757 | D:4      | Noticed a phantom
  2786 | D:4      | Killed a phantom
  2787 | D:4      | Reached XP level 6. HP: 40/47 MP: 6/6
  2818 | D:4      | Found a bloodstained altar of Trog.
  2819 | D:4      | Found a snail-covered altar of Cheibriados.
  2819 | D:4      | Found a hide-covered altar of Uskayaw.
  2820 | D:4      | Found a shimmering blue altar of Sif Muna.
  2834 | D:4      | Found a broken altar of Ashenzari.
  2875 | D:4      | Identified the +5 trident "Pexafeph" {drain, Str+3 Int+3}
  3346 | D:4      | Reached skill level 7 in Unarmed Combat
  3367 | D:4      | Your scales start taking on a fiery red colour.
  3367 | D:4      | Reached XP level 7. HP: 52/52 MP: 7/7
  3367 | D:4      | Gained mutation: Your flesh is heat resistant. (rF+) [Red
                  | Draconian growth]
  3367 | D:4      | Quit the game

Illustrated notes

Levels and vault maps discovered:
D:1:      tarquinn_simple_flora_water_e, layout_basic, serial_shops, shop
D:2:      layout_basic, hellmonk_ecumenical_altar_zigzags, serial_corexii_hall,
          corexii_hall_statues_s, corexii_hall_statues_t, minmay_pentomino_z4,
          uniq_crazy_yiuf_cottage
D:3:      layout_loops_corners, gammafunk_ghost_gnarly_gnolls
D:4:      layout_rooms, chequers_temple_overflow_statue_of_worship,
          ashenzari_conservatory_becter, serial_shops, shop,
          minmay_divided_ellipse

Skill      XL: |  1  2  3  4  5  6 |
---------------+-------------------+-----
Unarmed Combat | 4 5 6 7 |  7.1
Shapeshifting  | 4 |  4.5
Fighting       | |  1.1
Dodging        | |  1.7

Action                     |  1- 3 |  4- 6 |  7- 9 || total
---------------------------+-------+-------+-------++-------
  Melee: Unarmed           |   118 |   169 |       ||   287
         Tailslap          |    10 |    13 |       ||    23
         Punch             |     2 |     5 |       ||     7
  Evoke: Wand              |       |     1 |       ||     1
    Use: Scroll            |       |     1 |       ||     1
 Armour: Skin              |    43 |    67 |       ||   110
  Dodge: Dodged            |    92 |   128 |       ||   220

Table legend: (Time is in decaauts)
 A = Elapsed time spent in this place.
 B = Non-inter-level travel time spent in this place.
 C = Inter-level travel time spent in this place.
 D = Time resting spent in this place.
 E = Time spent auto-exploring this place.
 F = Levels seen in this place.
 G = Mean time per level.
                   A        B        C        D        E       F      G
               +--------+--------+--------+--------+--------+-----+--------+
         Total |   3345 |   3103 |    242 |    128 |   2114 |   4 |  836.2 |
       Dungeon |   3345 |   3103 |    242 |    128 |   2114 |   4 |  836.2 |
               +--------+--------+--------+--------+--------+-----+--------+

Top non-repeatable levels by time:
     D:3: 984 daAuts
     D:1: 831 daAuts
     D:4: 766 daAuts
     D:2: 763 daAuts
